stoopid, neutral female gnomish Healer --------------- ----- |..............####` ###-....# |......*......| ##|...|# |.............| ####|...|# ------.-------- # |...|# ------ ### ### -----# ##.....| #rr@@ r rr r # # #####|....|# # ### ### ##|....|#### # # -.----# -.---.-- ### ####### |......| # # |.......##### |.....<| -------- stoopid the Empiric Experience level: 4 Strength: 8 Dexterity: 11 Constitution: 16 Intelligence: 8 Wisdom: 16 Charisma: 17 Health: 0(33) Energy: 20(29) Def: 0 Gold: 1602 Moves: 2735 Dungeon seed: ScZ-NcZkFmee6fde Game ID: stoopid_1510407488 Your Inventory: Coins $ - 1602 gold pieces Weapons a - an uncursed +3 scalpel p - 2 uncursed -3 orcish daggers (wielded) u - an uncursed +0 elven dagger C - a cursed -2 dagger (in quiver) Armor e - an uncursed +1 pair of leather gloves q - an uncursed +0 elven leather helm Comestibles k - 5 uncursed apples l - 8 blessed eucalyptus leaves G - an uncursed lichen corpse Scrolls B - an uncursed scroll of enchant armor Potions c - 3 uncursed potions of healing d - a blessed potion of healing f - 4 uncursed potions of extra healing Wands g - an uncursed wand of sleep (0:7) A - an uncursed wand of light (0:13) Tools b - an uncursed stethoscope m - an uncursed oil lamp (0:1076) s - an uncursed tinning kit (0:81) v - an uncursed mirror Gems n - an uncursed garnet stone r - 2 uncursed touchstones Spells and supernatural/magical abilities: Spells marked with '*' are forgotten. Spells marked with '!' are maintained. Spells marked with '#' are aliased with 'castalias'. Name Level Category Fail Memory h - healing 1 healing 0% 97% x - extra healing 3 healing 0% 97% S - stone to flesh 3 healing 4% 97% W - pray for help -- divine ? -- Your skills at the end: Fighting Skills wands [Basic] Weapon Skills knife [Basic] Spellcasting Skills healing spells [Basic] Final Attributes: You were immune to poison. You had infravision. You were a wererat. You last prayed 318 turns ago. You are dead. Vanquished creatures: 2 kittens a giant bat 3 iguanas an acid blob a coyote a gas spore a hobbit a large kobold 6 giant rats 2 cave spiders a yellow mold 2 green molds a gecko 6 jackals a fox a kobold 4 goblins 3 sewer rats 4 grid bugs 2 bats 3 lichens 8 newts 55 creatures vanquished. Voluntary challenges: You had been an atheist until turn 2414. You used a wielded weapon 152 times, starting on turn 152. You read items or engraved 17 times, starting on turn 583. You never genocided any monsters. You never polymorphed an object. You changed form 3 times, starting on turn 2189. You used no wishes. You never split a pudding. You never wrote Elbereth's name. You never violated your personal moral code. Dungeon overview: The Dungeons of Doom: levels 1 to 5 Level 1 a fountain, a vault a long staircase Level 2 a sink stairs to The Gnomish Mines Level 3 some fountains Level 4 a fountain Level 5 <- You were here The Gnomish Mines: Level 3 stairs to The Dungeons of Doom History has recorded: On T:1 you entered the Dungeons of Doom to retrieve the Amulet of Yendor! On T:519 you reached level 2 of The Dungeons of Doom. On T:576 you advanced to experience level 2. On T:846 you reached level 1 of The Gnomish Mines. On T:1046 you reached level 3 of The Dungeons of Doom. On T:1130 you advanced to experience level 3. On T:1286 you reached level 4 of The Dungeons of Doom. On T:1724 you reached level 5 of The Dungeons of Doom. On T:1802 you advanced to experience level 4. Score breakdown: Gold: 597 ( 9445 points) Experience: 4 levels ( 9649 points) Exploration: 5 levels ( 10.20%) ( 8660 points) Discoveries: 8 items ( 2.71%) ( 4940 points) Valuables value: (no points given unless you survive) Artifact value: 0 ( 0 points) Variety of kills: 22 monsters ( 5.79%) ( 7218 points) Turncount: 2735 turns ( -463 points) Survival: died (score multiplied by 80%) Total score: 31559 Latest messages: You feel better. The sewer rat bites! The wererat bites! You engrave in the ground with 2 crude daggers (wielded). Your 2 crude daggers get dull. You are only able to write "Elberet". The sewer rat bites! The wererat bites! The sewer rat bites! The wererat bites! The sewer rat bites! The wererat bites! The sewer rat bites! The wererat changes into a human. The wererat bites! The sewer rat bites! The wererat hits! The sewer rat bites! You die... Final status: Goodbye stoopid the Healer, killed by a sewer rat, while engraving... You died in The Dungeons of Doom on dungeon level 5 with 31559 points, and 1602 pieces of gold, after 2735 moves. You were level 4 with a maximum of 33 hit points when you died.